 Dungeon Sprint DCSS version 0.31.0-32-g396128a36d (webtiles) character file.

Game seed: 55987532463085957

259 Heoruswealwe the Spear-Bearer (level 5, -4/53 HPs)
             Began as a Minotaur Fighter on Mar 13, 2024.
             Was an Initiate of Gozag.
             Slain by a wraith (9 damage)
             ... in the Dungeon (Sprint IX: "|||||||||||||||||||||||||||||").
             The game lasted 00:00:58 (104 turns).

Heoruswealwe the Spear-Bearer (Minotaur Fighter)     Turns: 104, Time: 00:00:59

Health: -4/53      AC:  8    Str: 22    XL:     5   Next: 94%
Magic:  4/4        EV:  9    Int:  5    God:    Gozag
Gold:   0          SH:  4    Dex: 10    Spells: 4/4 levels left

rFire   . . .        a - +0 trident
rCold   . . .        d - +0 buckler
rNeg    . . .        c - +0 scale mail
rPois   .            (helmet restricted)
rElec   .            (no cloak)
rCorr   .            (no gloves)
SInv    .            (no boots)
Will    .....        (no amulet) Stlth
                     (no ring)
HPRegen 0.28/turn    (no ring)
MPRegen 0.09/turn

%: no teleportation
@: gold aura, slowed, very slow
A: horns 2, retaliatory headbutt
a: Renounce Religion, Potion Petition, Call Merchant, Bribe Branch


You were in the Dungeon.
You worshipped Gozag.
Gozag was noncommittal.
You visited 1 branch

Inventory:

Hand Weapons
 a - a +0 trident (weapon)
Armour
 c - a +0 scale mail (worn)
 d - a +0 buckler (worn)
Jewellery
 k - a +3 ring of strength
 l - a +3 ring of dexterity
Wands
 h - a wand of roots (10)
Scrolls
 j - 2 scrolls of blinking
Potions
 b - a potion of might
 e - 4 potions of curing
 f - 3 potions of heal wounds
 g - a potion of haste
 i - a potion of berserk rage


   Skills:
 + Level 8.2 Fighting
 * Level 10.7 Polearms
 + Level 8.2 Armour
 - Level 3.6 Shields


You had 4 spell levels left.
You didn't know any spells.
Your spell library was empty.

Dungeon Overview and Level Annotations

Branches:
Dungeon (1/1)

Altars:
Cheibriados
Dithmenos
Elyvilon
Fedhas
Gozag
Hepliaklqana
Kikubaaqudgha
Makhleb
Nemelex Xobeh
Okawaru
Qazlal
Ru
Sif Muna
Trog
Uskayaw
Vehumet
Wu Jian
Xom
Yredelemnul
Zin
The Shining One
Jiyva
Lugonu


Innate Abilities, Weirdness & Mutations

You have a pair of horns on your head.
You reflexively headbutt those who attack you in melee.


Message History

The yak bellows!
The two-headed ogre shouts in stereo!
The yak bellows!
You puncture the yak!
The yak is moderately wounded.
You block the yak's attack.
You puncture the yak! You headbutt the yak!
The yak is almost dead.
The yak gores you!
You closely miss the yak. Your headbutt misses the yak.
The yak is almost dead.
You barely miss the yak.
The yak is almost dead.
The yak gores you but does no damage.
You puncture the yak!
You kill the yak!
Your Fighting skill gained 2 levels and is now at level 8!
Your Polearms skill gained 2 levels and is now at level 10!
Your Armour skill gained 2 levels and is now at level 8!
You have reached level 5!
You barely miss the wraith. The wraith hits you!
* * * LOW HITPOINT WARNING * * *
The wraith drains your vigour!
You feel yourself slow down.
You closely miss the wraith. You headbutt the wraith.
The wraith is lightly damaged.
The wraith hits you.
* * * LOW HITPOINT WARNING * * *
You hit the wraith but do no damage.
The wraith is lightly damaged.
You block the wraith's attack.
The vampire mumbles some strange words.
The vampire flickers and vanishes!
Deactivating autopickup; reactivate with Ctrl-A.
The wraith misses you.
You closely miss the wraith. Your headbutt misses the wraith.
The wraith is lightly damaged.
You block the wraith's attack.
You barely miss the wraith. Your headbutt misses the wraith.
The wraith is lightly damaged.
The wraith hits you!
You die...
Your body crumbles into a pile of gold.

▓.▓
▓.▓
▓Y▓
▓k▓
▓.▓
▓O▓
▓W▓
▓@▓
▓.▓
▓[▓
▓[▓
▓[▓
▓.▓
▓)▓
▓?▓
▓!▓


You could see a two-headed ogre, a yak, a wraith and a wyvern.

Vanquished Creatures
  A yak (D)
  A bombardier beetle (D)
  A hound (D)
  An iguana (D)
  A sleepcap (D)
  An adder (D)
  3 hobgoblins (D)
  A quokka (D)
  A rat (D)
11 creatures vanquished.

Notes
Turn   | Place    | Note
-------+----------+-------------------------------------------
     0 | D        | Heoruswealwe the Minotaur Fighter began the quest for the
                  | Orb.
     0 | D        | Reached XP level 1. HP: 19/19 MP: 0/0
     5 | D        | Reached skill level 3 in Polearms
    22 | D        | Noticed an iguana
    22 | D        | Noticed a hound
    22 | D        | Noticed a bombardier beetle
    22 | D        | Noticed a sleepcap
    29 | D        | Killed a sleepcap
    30 | D        | Reached skill level 5 in Fighting
    30 | D        | Reached skill level 5 in Polearms
    30 | D        | Reached skill level 5 in Armour
    30 | D        | Reached XP level 2. HP: 8/29 MP: 1/1
    30 | D        | Reached XP level 3. HP: 9/36 MP: 2/2
    33 | D        | Reached skill level 6 in Polearms
    35 | D        | Reached skill level 7 in Polearms
    35 | D        | Reached XP level 4. HP: 13/44 MP: 3/3
    38 | D        | Reached skill level 8 in Polearms
    50 | D        | Found a snail-covered altar of Cheibriados.
    50 | D        | Found a shadowy altar of Dithmenos.
    50 | D        | Found a white marble altar of Elyvilon.
    50 | D        | Found a blossoming altar of Fedhas.
    50 | D        | Found an opulent altar of Gozag.
    51 | D        | Found a hazy altar of Hepliaklqana.
    52 | D        | Found a viscous altar of Jiyva.
    53 | D        | Found an ancient bone altar of Kikubaaqudgha.
    54 | D        | Found a corrupted altar of Lugonu.
    55 | D        | Found a burning altar of Makhleb.
    56 | D        | Found a sparkling altar of Nemelex Xobeh.
    57 | D        | Found an iron altar of Okawaru.
    58 | D        | Became a worshipper of Gozag Ym Sagoz the Greedy
    59 | D        | Found a stormy altar of Qazlal.
    60 | D        | Found a sacrificial altar of Ru.
    61 | D        | Found a shimmering blue altar of Sif Muna.
    62 | D        | Found a bloodstained altar of Trog.
    63 | D        | Found a hide-covered altar of Uskayaw.
    64 | D        | Found a radiant altar of Vehumet.
    65 | D        | Found an ornate altar of the Wu Jian Council.
    66 | D        | Found a shimmering altar of Xom.
    67 | D        | Found a basalt altar of Yredelemnul.
    68 | D        | Found a glowing silver altar of Zin.
    69 | D        | Found a glowing golden altar of the Shining One.
    94 | D        | Noticed a yak
    94 | D        | Noticed a wyvern
    94 | D        | Noticed a two-headed ogre
    94 | D        | Noticed a vampire
    94 | D        | Noticed a wraith
    94 | D        | Noticed a yak
    99 | D        | Killed a yak
   100 | D        | Reached skill level 10 in Polearms
   100 | D        | Reached XP level 5. HP: 18/53 MP: 4/4
   104 | D        | Slain by a wraith

Illustrated notes

Levels and vault maps discovered:
D:        linesprint [early_d, line_temple, items_1, d_10, items_2, lair_1,
          lair_end, items_3, orc_1, orc_end, items_4, d_15, swamp_1, shoals_1,
          snake_1, spider_1, d_20, vaults_1, items_5, swamp_end, shoals_end,
          snake_end, spider_end, vaults_end, d_27, items_6, zot_1, zot_end,
          crypt_end, forest_end, elf_end, slime_end, tomb_end, abyss_end,
          pan_hell_end]

Skill      XL: |  1  2  3  4 |
---------------+-------------+-----
Polearms       | 5 7 10 | 10.7
Fighting       | 5 6 8 |  8.2
Armour         | 5 6 8 |  8.2
Shields        | |  3.6

Action                     |  1- 3 |  4- 6 || total
---------------------------+-------+-------++-------
  Melee: Trident           |    21 |    19 ||    40
         Headbutt          |     7 |     2 ||     9
    Use: Potion            |       |     1 ||     1
 Armour: Scale mail        |    14 |     9 ||    23
  Dodge: Dodged            |     5 |     5 ||    10
  Block: Buckler           |     2 |     5 ||     7
